 Dungeon Crawl Stone Soup version 0.28.0 (webtiles) character file.

Game seed: 10985219693426696692

3117 GrayStillPlays the Skirmisher (level 9, 0/47 (49) HPs)
             Began as a Vine Stalker Fighter on Feb 6, 2022.
             Was a Believer of the Shining One.
             Slain by a thrashing horror (2 damage)
             ... on level 1 of the Abyss.
             The game lasted 00:38:41 (7239 turns).

GrayStillPlays the Skirmisher (VSFi)                Turns: 7239, Time: 00:38:42

HP:   0/47 (49)     AC:  6    Str: 19    XL:     9   Next: 91%
MP:   0/11          EV: 10    Int: 12    God:    the Shining One [**....]
Gold: 312           SH:  5    Dex: 14    Spells: 12/14 levels left

rFire   . . .      SeeInvis .   a - +0 rapier (vorpal) {short}
rCold   . . .      Faith    .   c - +0 buckler
rNeg    + . .      Spirit   +   l - +0 troll leather armour
rPois   .          Reflect  .   (no helmet)
rElec   .          Harm     .   u - +0 cloak
rCorr   .          Rampage  .   (no gloves)
Will    +....                   (no boots)
Stlth   +.........              y - amulet of magic regeneration {@e2}
HPRegen 1.75/turn               (no ring)
MPRegen 0.52/turn               (no ring)

@: glowing, lightly drained, unable to read
A: fangs 3, regeneration 1, magic shield, antimagic bite, no potion heal 2, [low
MP 2], [screaming 2], [inability to read while threatened]
a: Renounce Religion, Divine Shield


You were on level 1 of the Abyss.
You worshipped the Shining One.
The Shining One was pleased with you.
You visited 2 branches of the dungeon, and saw 9 of its levels.
You visited the Abyss 1 time.
You also visited: Sewer.

You collected 312 gold pieces.


Innate Abilities, Weirdness & Mutations

You have razor-sharp teeth.
Your natural rate of healing is unusually fast.
When hurt, damage is shared between your health and your magic reserves.
Your bite disrupts and absorbs the magic of your enemies.
Potions cannot restore your health.
[Your magical capacity is very low. (-20% MP)]
[You frequently scream uncontrollably at your foes.]
[You sometimes lose the ability to read scrolls when taking damage.]


   Skills:
 + Level 6.4 Fighting
 + Level 6.1 Short Blades
 + Level 5.9 Armour
 - Level 5.2 Shields
 + Level 3.0 Spellcasting
 - Level 3.8 Translocations
 + Level 2.2 Invocations


You had 12 spell levels left.
You knew the following spells:

 Your Spells              Type           Power      Damage    Failure   Level
a - Blink                 Tloc           22%        N/A       12%         2

Your spell library contained the following spells:

 Spells                   Type           Power      Damage    Failure   Level
 Lesser Beckoning         Tloc           11%        N/A       22%         3
 Manifold Assault         Tloc           11%        N/A       91%         5
 Summon Forest            Summ/Tloc      3%         N/A       99%         5
 Eringya's Noxious Bog    Tmut/Pois      0%         N/A       100%        6
 Summon Hydra             Summ           0%         N/A       100%        7

Inventory:

Hand Weapons
 a - a +0 vorpal rapier (weapon) {short}
 z - a +2 flail of protection {mace}
   (You took it off an orc on level 5 of the Dungeon)
 B - a +0 flail of protection {mace}
   (You took it off an orc on level 5 of the Dungeon)
Missiles
 h - 45 arrows
 i - 23 sling bullets
 o - 32 poisoned darts (quivered) {throwing}
 q - 209 stones {throwing}
 r - 94 bolts
 A - 9 boomerangs {throwing}
 F - 4 atropa-tipped darts {throwing}
 P - a throwing net {=f!fthrowing}
Armour
 c - a +0 buckler (worn)
 j - a +3 ring mail of poison resistance
   (You took it off Duvessa on level 6 of the Dungeon)
 l - a +0 troll leather armour (worn)
   (You found it on level 2 of the Dungeon)
 p - an orb of wrath
   (You took it off a goblin on level 2 of the Dungeon)
 u - a +0 cloak (worn)
   (You found it on level 3 of the Dungeon)
Magical Staves
 t - a staff of poison {!astaff}
   (You found it on level 3 of the Dungeon)
 N - a staff of conjuration {!a@e2staff}
   (You found it on level 8 of the Dungeon)
Jewellery
 b - an amulet of faith {!P}
   (You found it on level 6 of the Dungeon)
 y - an amulet of magic regeneration (around neck) {@e2}
   (You took it off an orc on level 5 of the Dungeon)
Wands
 M - a wand of flame (20)
   (You found it on level 7 of the Dungeon)
 O - a wand of polymorph (5)
   (You found it on level 8 of the Dungeon)
Scrolls
 d - 2 scrolls of fear
 k - 2 scrolls of fog
 n - 3 scrolls of teleportation {unknown}
 v - a scroll of amnesia {unknown}
 w - a scroll of silence {unknown}
 D - 2 scrolls of torment {forbidden!r}
 E - a scroll of blinking {unknown}
 G - a scroll of magic mapping {!r}
 I - a scroll of enchant weapon {unknown}
 J - a scroll of identify {@r1}
 K - 2 scrolls of noise {unknown}
Potions
 e - 3 potions of heal wounds {@q2}
 f - 3 potions of flight {unknown}
 g - a potion of lignification {unknown}
 m - a potion of degeneration {unknown}
 s - 3 potions of curing {@q1}
 x - a potion of cancellation {unknown}
 C - 4 potions of brilliance
 L - a potion of attraction {unknown}

Dungeon Overview and Level Annotations

Branches:
Dungeon (8/15)             Temple (1/1) D:5           Sewer (visited)
   Lair: D:8-11

Altars:
Ashenzari
Cheibriados
Dithmenos
Elyvilon
Fedhas
Gozag
Hepliaklqana
Kikubaaqudgha
Nemelex Xobeh
Okawaru
Ru
Trog
Uskayaw
Vehumet
Wu Jian
Xom
Zin
The Shining One

Shops:
D:1 !   D:6 *   D:7 *

Annotations:
D:3 Grinder
D:7 Harold

# .### ..# ###.##
##@...###
#.X..#..##
#........#
###..#.####
.#ยง##... #.
#.#..#.#.# .. #...
.#.. ## ##..
...####......#.5ยง
...#.##.#......


You could see a thrashing horror.


Message History

You can read scrolls again.
The thrashing horror closely misses you.
The thrashing horror tramples you but does no damage. ๐Ÿ˜• HP[+1] ๐Ÿ˜• HP[+2] MP[+1]
You regained 2 hp, and now have 40/47 hp.
Your mp is fully restored (11). ๐Ÿ˜• HP[+2]
You regained 2 hp, and now have 42/47 hp.
You puncture the thrashing horror!
The thrashing horror closely misses you.
The thrashing horror tramples you but does no damage. ๐Ÿ˜• HP[+1]
The thrashing horror tramples you!
You hold your ground!
The thrashing horror tramples you.
You hold your ground! ๐Ÿ˜ฎ HP[-10] MP[-2]
You take 10 damage, and now have 33/47 hp.
MASSIVE DAMAGE!! (PAUSE)
You lost 2 mp, and now have 9/11 mp.
You hit the thrashing horror but do no damage.
The thrashing horror tramples you.
You hold your ground!
The thrashing horror tramples you but does no damage.
The thrashing horror barely misses you.
The thrashing horror misses you. ๐Ÿ˜ฎ MP[-1]
You lost 1 mp, and now have 8/11 mp.
You hit the thrashing horror but do no damage.
You bite the thrashing horror. You drain its power.
You feel invigorated. The thrashing horror tramples you.
You hold your ground!
You block the thrashing horror's attack. ๐Ÿ˜ฎ HP[-1] MP[+3]
You take 1 damage, and now have 32/47 hp.
Your mp is fully restored (11).
You block the thrashing horror's attack.
The thrashing horror tramples you.
You stumble backwards! ๐Ÿ˜ฎ HP[-1] MP[-1]
You take 1 damage, and now have 31/47 hp.
You lost 1 mp, and now have 10/11 mp.
You hit the thrashing horror. The thrashing horror tramples you.
You feel threatened and lose the ability to read scrolls!
You hold your ground!
The thrashing horror barely misses you. ๐Ÿ˜ฎ HP[-1] MP[-1]
You take 1 damage, and now have 30/47 hp.
You lost 1 mp, and now have 9/11 mp. ๐Ÿ˜ฎ HP[+2] MP[+1]
You regained 2 hp, and now have 32/47 hp.
You block the thrashing horror's attack.
The thrashing horror closely misses you.
The thrashing horror tramples you!
You hold your ground!
The thrashing horror tramples you.
You hold your ground! ๐Ÿ˜ฎ HP[-6] MP[-3]
You take 6 damage, and now have 26/47 hp.
You lost 3 mp, and now have 7/11 mp.
You barely miss the thrashing horror. You bite the thrashing horror.
You drain its power.
You feel invigorated. The thrashing horror tramples you!
* * * LOW HITPOINT WARNING * * *
You hold your ground!
The thrashing horror tramples you.
* * * LOW HITPOINT WARNING * * *
You hold your ground!
The thrashing horror tramples you!
* * * LOW HITPOINT WARNING * * *
You hold your ground!
The thrashing horror closely misses you. ๐Ÿ˜ฑ HP[-17] MP[-4]
You take 17 damage, and now have 9/47 hp.
MASSIVE DAMAGE!! (PAUSE)
You lost 4 mp, and now have 3/11 mp.
You hit the thrashing horror. Your bite misses the thrashing horror.
The thrashing horror tramples you!
* * * LOW HITPOINT WARNING * * *
You hold your ground!
The thrashing horror tramples you but does no damage.
The thrashing horror closely misses you.
The thrashing horror tramples you but does no damage. ๐Ÿ˜ฑ HP[-5] MP[-2]
You take 5 damage, and now have 4/47 hp.
You lost 2 mp, and now have 1/11 mp.
The thrashing horror roars! ๐Ÿ˜ฑ HP[+1] MP[+1]
The thrashing horror tramples you.
* * * LOW HITPOINT WARNING * * *
You hold your ground!
The thrashing horror tramples you.
* * * LOW HITPOINT WARNING * * *
You hold your ground! ๐Ÿ˜ฑ HP[-2] MP[-1]
You take 2 damage, and now have 3/47 hp.
You lost 1 mp, and now have 1/11 mp.
Aiming: Throw Flame
Press: ? - help, Q - select action, (/) - cycle Shift-Dir - straight line
Okay, then.
You cannot read scrolls in your current state!
The thrashing horror roars!
The thrashing horror tramples you.
* * * LOW HITPOINT WARNING * * *
You stumble backwards! ๐Ÿ˜ฑ HP[-2] MP[-1]
You take 2 damage, and now have 1/47 hp.
You lost 1 mp, and now have 0/11 mp.
You puncture the thrashing horror! You bite the thrashing horror.
You drain its power.
You feel invigorated. The thrashing horror tramples you.
You die...

Skill      XL: |  1  2  3  4  5  6  7  8  9 |
---------------+----------------------------+-----
Short Blades   | 2 3 4 5 6 |  6.1
Shields        | 3 4 5 |  5.2
Fighting       | 3 4 5 6 |  6.4
Armour         | 3 4 5 |  5.9
Spellcasting   | 1 3 |  3.0
Translocations | 2 3 |  3.8
Invocations    | 2 |  2.2

Action                   |  1- 3 |  4- 6 |  7- 9 || total
-------------------------+-------+-------+-------++-------
Melee: Rapier            |   121 |    66 |   464 ||   651
       Bite              |    26 |    12 |   174 ||   212
Throw: Dart              |     2 |    33 |   100 ||   135
       Stone             |       |     1 |       ||     1
  Use: Potion            |       |     1 |     1 ||     2
       Scroll            |       |       |     9 ||     9
Armor: Scale mail        |    46 |       |       ||    46
       Troll leather arm |    12 |    16 |   214 ||   242
Dodge: Dodged            |    51 |    42 |   267 ||   360
Block: Buckler           |    39 |    25 |   150 ||   214

Levels and vault maps discovered:
D:1:      dpeg_arrival_simpleton_c, layout_basic, serial_shops,
          nicolae_lakefront_shop, st_stairs_1, minmay_misc_feat_rugged
D:2:      layout_basic
D:3:      layout_rooms, uniq_natasha, uniq_grinder
D:4:      cheibrodos_barr_body, layout_loops_ring, hangedman_decor_slide_cut
D:5:      wander_river, layout_layer_cave, minmay_temple_entry_grid
D:6:      layout_loops_ring, gup_sewer_entry_glass, st_stairs_6,
          nicolae_shop_sticking_my_neck_out, uniq_duvessa
D:7:      layout_rooms, serial_shops, shop, uniq_harold
D:8:      layout_gridville, nicolae_overflow_hallway_of_the_gods
Temple:   lightli_temple_of_artemis
Abyss:1:  base: D:3, small_statue_intersection

Notes
Turn   | Place    | Note
-------+----------+-------------------------------------------
     0 | D:1      | GrayStillPlays the Vine Stalker Fighter began the quest for
                  | the Orb.
     0 | D:1      | Reached XP level 1. HP: 11/11 MP: 2/2
     0 | D:1      | magus.rc [v1.9.6]
   279 | D:1      | Reached skill level 2 in Short Blades
   279 | D:1      | Reached XP level 2. HP: 16/16 MP: 3/3
   363 | D:1      | Reached skill level 3 in Shields
   595 | D:1      | Reached skill level 3 in Fighting
   595 | D:1      | Reached XP level 3. HP: 18/20 MP: 4/4
   705 | D:1      | Found Teugass's Distillery.
  1346 | D:2      | HP: 5/20 [worm (4)]
  1662 | D:2      | You fall into a shaft and drop 1 floor!
  1930 | D:2      | Gained mutation: Your natural rate of healing is unusually
                  | fast. [Vine Stalker growth]
  1930 | D:2      | Reached XP level 4. HP: 24/24 MP: 5/5
  1962 | D:2      | You pick up a book of Spatial Translocations and begin
                  | reading...
  1962 | D:2      | You add the spells Blink, Lesser Beckoning and Manifold
                  | Assault to your library.
  2432 | D:3      | Noticed Natasha
  2438 | D:3      | Killed Natasha
  2439 | D:3      | Reached skill level 3 in Armour
  2496 | D:3      | Noticed Grinder
  2649 | D:3      | Noticed Natasha
  2658 | D:3      | Killed Natasha
  2659 | D:3      | Reached XP level 5. HP: 28/28 MP: 3/6
  2718 | D:3      | Noticed Natasha
  2728 | D:3      | Killed Natasha
  2977 | D:4      | Noticed a centaur
  2981 | D:4      | Killed a centaur
  2982 | D:4      | Reached skill level 3 in Short Blades
  2982 | D:4      | Reached XP level 6. HP: 21/33 MP: 4/7
  3054 | D:4      | Noticed a necrophage
  3063 | D:4      | Killed a necrophage
  3064 | D:4      | Reached skill level 4 in Shields
  3113 | D:4      | Reached skill level 4 in Fighting
  3136 | D:4      | Noticed a black bear
  3144 | D:4      | HP: 8/33 [black bear (3)]
  3149 | D:4      | HP: 6/33 [black bear (4)]
  3154 | D:4      | HP: 8/33 [black bear (2)]
  3157 | D:4      | HP: 1/33 [black bear (5)]
  3165 | D:4      | HP: 7/33 [black bear (7)]
  3172 | D:4      | Killed a black bear
  3173 | D:4      | Reached XP level 7. HP: 19/37 MP: 1/8
  3377 | D:4      | Noticed a steam dragon
  3388 | D:5      | Entered Level 5 of the Dungeon
  3434 | D:5      | Reached skill level 4 in Armour
  3479 | D:5      | Reached skill level 4 in Short Blades
  3812 | D:5      | Gained mutation: You have razor-sharp teeth. [Vine Stalker
                  | growth]
  3812 | D:5      | Reached XP level 8. HP: 38/42 MP: 7/9
  4036 | D:5      | Reached skill level 5 in Fighting
  4036 | D:5      | Reached skill level 5 in Shields
  4289 | D:5      | Found a staircase to the Ecumenical Temple.
  4299 | Temple   | Entered the Ecumenical Temple
  4310 | Temple   | Became a worshipper of the Shining One
  4595 | D:6      | Found Ditouph's Neck Hole.
  4611 | D:6      | You add the spells Summon Forest, Eringya's Noxious Bog and
                  | Summon Hydra to your library.
  4660 | D:6      | Reached skill level 1 in Spellcasting
  4691 | D:6      | Found a glowing drain.
  4742 | Sewer    | Entered a sewer
  4937 | Sewer    | Learned a level 2 spell: Blink
  4986 | Sewer    | Reached skill level 5 in Short Blades
  5250 | Sewer    | Reached skill level 5 in Armour
  5250 | Sewer    | Reached skill level 1 in Translocations
  5410 | D:6      | Noticed Duvessa
  5410 | D:6      | Noticed Dowan
  5469 | D:6      | Killed Duvessa
  5470 | D:6      | Reached skill level 2 in Translocations
  5470 | D:6      | Reached XP level 9. HP: 26/45 MP: 8/12
  5478 | D:6      | Killed Dowan
  5683 | D:6      | Reached skill level 3 in Translocations
  5986 | D:7      | Reached * piety under the Shining One
  5993 | D:7      | Reached skill level 6 in Fighting
  6043 | D:7      | Reached skill level 2 in Spellcasting
  6259 | D:7      | Found Xurefeox's General Store.
  6299 | D:7      | Noticed Harold
  6559 | D:8      | Found a shimmering altar of Xom.
  6559 | D:8      | Found a blossoming altar of Fedhas.
  6565 | D:8      | Found a hazy altar of Hepliaklqana.
  6570 | D:8      | Found a shadowy altar of Dithmenos.
  6572 | D:8      | Found a hide-covered altar of Uskayaw.
  6577 | D:8      | Found a sparkling altar of Nemelex Xobeh.
  6656 | D:8      | Reached skill level 1 in Invocations
  6885 | D:8      | Reached skill level 6 in Short Blades
  6885 | D:8      | Reached skill level 2 in Invocations
  7000 | D:8      | Reached skill level 3 in Spellcasting
  7032 | D:8      | Reached ** piety under the Shining One
  7036 | D:8      | You are cast into the Abyss!
  7036 | D:8      | Cast into level 1 of the Abyss (wight)
  7040 | Abyss:1  | Noticed a thrashing horror
  7058 | Abyss:1  | Killed a thrashing horror
  7081 | Abyss:1  | Noticed a kobold demonologist
  7088 | Abyss:1  | Noticed an ice devil
  7102 | Abyss:1  | Noticed a wretched star
  7120 | Abyss:1  | Killed a kobold demonologist
  7130 | Abyss:1  | Noticed a thrashing horror
  7140 | Abyss:1  | Noticed a wretched star
  7150 | Abyss:1  | Noticed a worldbinder
  7153 | Abyss:1  | HP: 10/47 [thrashing horror (11)]
  7156 | Abyss:1  | Noticed a bog body
  7212 | Abyss:1  | Noticed a thrashing horror
  7234 | Abyss:1  | HP: 9/47 [thrashing horror (11)]
  7235 | Abyss:1  | HP: 4/47 [thrashing horror (7)]
  7238 | Abyss:1  | HP: 1/47 [thrashing horror (4)]
  7239 | Abyss:1  | Slain by a thrashing horror

Vanquished Creatures
  A thrashing horror (Abyss:1)
  A kobold demonologist (Abyss:1)
  A water moccasin (D:8)
  An ice beast (D:7)
  A sky beast (D:7)
  Duvessa (D:6)
  3 black bears
  3 ogres
  3 necrophages
  A centaur (D:4)
  3 bullfrogs
  2 kobold brigands
  2 scorpions (D:6)
  A gnoll sergeant (D:8)
  2 wyvern zombies (D:7)
  A water moccasin zombie (D:5)
  A water moccasin skeleton (D:4)
  Dowan (D:6)
  4 killer bees (D:8)
  5 wights (D:8)
  A hound (D:5)
  2 jellies
  A centaur skeleton (D:6)
  2 orc priests (D:5)
  A bullfrog zombie (D:5)
  Natasha (thrice) (D:3)
  2 orc wizards (D:5)
  A killer bee zombie (D:6)
  11 adders
  3 gnolls (D:8)
  4 river rats (Sewer)
  A shadow imp (Abyss:1)
  2 white imps
  An ufetubus (D:6)
  2 worms
  5 dart slugs
  12 orcs
  5 endoplasms
  5 giant cockroaches
  8 goblins
  5 hobgoblins
  9 jackals
  12 kobolds
  20 ball pythons
  7 bats
  8 frilled lizards
  34 rats
205 creatures vanquished.

Vanquished Creatures (others)
  An endoplasm (D:4)
1 creature vanquished.

Grand Total: 206 creatures vanquished

Table legend:
 A = Non-vault XP
 B = Vault XP
 C = Vault XP percentage of total XP
 D = Non-vault monster count
 E = Vault monster count
 F = Vault count percentage of total count
                 A         B        C        D         E       F
            +---------+---------+-------+---------+---------+-------
      Total |    3534 |     919 |  20.6 |     135 |      70 |  34.1
            +---------+---------+-------+---------+---------+-------
        D:1 |      39 |       6 |  13.3 |      23 |       3 |  11.5
        D:2 |      55 |       0 |   0.0 |      25 |       0 |   0.0
        D:3 |     104 |      35 |  25.2 |      13 |       1 |   7.1
        D:4 |     378 |     108 |  22.2 |       8 |       9 |  52.9
        D:5 |     997 |       0 |   0.0 |      26 |       0 |   0.0
        D:6 |     319 |     441 |  58.0 |       7 |       7 |  50.0
        D:7 |     666 |       0 |   0.0 |      11 |       0 |   0.0
        D:8 |     976 |       0 |   0.0 |      19 |       0 |   0.0
    Abyss:1 |       0 |       0 |   N/A |       3 |       0 |   0.0
      Sewer |       0 |     329 | 100.0 |       0 |      50 | 100.0
            +---------+---------+-------+---------+---------+-------

Illustrated notes

Table legend:
 A = Kills in this place as a percentage of kills in entire the game.
 B = Kills by you in this place as a percentage of kills by you in the entire game.
 C = Kills by friends in this place as a percentage of kills by friends in the entire game.
 D = Other kills in this place as a percentage of other kills in the entire game.
 E = Experience gained in this place as a percentage of experience gained in the entire game.
 F = Experience gained in this place divided by the number of levels of this place that you have seen.
                   A       B       C       D       E      F
               +-------+-------+-------+-------+-------+----------------------
         Total | 100.0 | 100.0 |   N/A |   N/A | 100.0 | 404.8
       Dungeon |  74.1 |  74.1 |   N/A |   N/A |  92.6 | 515.5
         Abyss |   1.5 |   1.5 |   N/A |   N/A |   0.0 |   0.0
         Sewer |  24.4 |  24.4 |   N/A |   N/A |   7.4 | 329.0
               +-------+-------+-------+-------+-------+----------------------

Table legend: (Time is in decaauts)
 A = Elapsed time spent in this place.
 B = Non-inter-level travel time spent in this place.
 C = Inter-level travel time spent in this place.
 D = Time resting spent in this place.
 E = Time spent auto-exploring this place.
 F = Levels seen in this place.
 G = Mean time per level.
                   A        B        C        D        E       F      G
               +--------+--------+--------+--------+--------+-----+--------+
         Total |   7354 |   7183 |    171 |    597 |   3852 |  11 |  668.5 |
       Dungeon |   6518 |   6347 |    171 |    460 |   3715 |   8 |  814.8 |
        Temple |     22 |     22 |      0 |      0 |      0 |   1 |   22.0 |
         Abyss |    201 |    201 |      0 |     30 |      0 |   1 |  201.0 |
         Sewer |    612 |    612 |      0 |    107 |    137 |   1 |  612.0 |
               +--------+--------+--------+--------+--------+-----+--------+

Top non-repeatable levels by time:
     D:1: 1516 daAuts
     D:5: 1192 daAuts
     D:2: 952 daAuts
     D:6: 790 daAuts
     D:8: 721 daAuts
   Sewer: 612 daAuts
     D:3: 531 daAuts
     D:4: 439 daAuts
     D:7: 373 daAuts
 Abyss:1: 201 daAuts
  Temple: 22 daAuts
